 Dungeon Crawl Stone Soup version 0.30.0-20-g3b4254fcbd (webtiles) character file.

Game seed: 11626693620970668703

777 jagang the Conjurer (level 7, -6/46 HPs)
             Began as an Octopode Conjurer on June 2, 2023.
             Was an Initiate of Vehumet.
             Shot with an arrow by a centaur (17 damage)
             ... on level 6 of the Dungeon.
             The game lasted 00:12:11 (4594 turns).

jagang the Conjurer (Octopode Conjurer)             Turns: 4594, Time: 00:12:12

Health: -6/46      AC:  1    Str:  7    XL:     7   Next: 84%
Magic:  9/12       EV: 13    Int: 22    God:    Vehumet [......]
Gold:   187        SH:  0    Dex: 10    Spells: 10/13 levels left

rFire   + . .        p - staff of fire
rCold   . . .        (no shield)
rNeg    . . .        (helmet restricted)
rPois   .            (no amulet)
rElec   .            n - ring of Mahotsyrr {rCorr Slay+5}
rCorr   +            (no ring)
SInv    .            (no ring)
Will    .....        (no ring)
Stlth   ++++         (no ring)
HPRegen 0.27/turn    (no ring)
MPRegen 0.13/turn    (no ring)
                     (no ring)

%: no passive effects
@: no status effects
A: almost no armour, amphibious, 8 rings, camouflage 1, gelatinous body 1,
(nimble swimmer 1), tentacles
a: Renounce Religion


You were on level 6 of the Dungeon.
You worshipped Vehumet.
Vehumet was noncommittal.
You visited 2 branches of the dungeon, and saw 7 of its levels.

You collected 187 gold pieces.

Inventory:

Magical Staves
 p - a staff of fire (weapon)
Jewellery
 n - the ring of Mahotsyrr (left tentacle) {rCorr Slay+5}
   (You took it off a goblin on level 3 of the Dungeon)

   [ring of resist corrosion]

   Slay:      It affects your accuracy & damage with ranged weapons and melee
   (+5).
   rCorr:     It protects you from acid and corrosion.
Wands
 r - a wand of light (7)
Scrolls
 b - 3 scrolls of amnesia {unknown}
 d - 2 scrolls of torment {unknown}
 g - 5 scrolls of identify
 i - 2 scrolls of teleportation {unknown}
 k - a scroll of magic mapping {unknown}
 q - a scroll of blinking {unknown}
 s - a scroll of noise {unknown}
Potions
 a - 2 potions of magic
 c - 3 potions of mutation
 e - 2 potions of haste {unknown}
 f - a potion of cancellation {unknown}
 h - a potion of lignification {unknown}
 j - a potion of berserk rage {unknown}
 l - a potion of degeneration {unknown}
 m - a potion of might {unknown}
 o - 2 potions of curing {unknown}


   Skills:
 + Level 3.1 Fighting
 + Level 4.0 Dodging
 - Level 5.0 Stealth
 + Level 3.1 Unarmed Combat
 + Level 3.7 Spellcasting
 + Level 5.3 Conjurations


You had 10 spell levels left.
You knew the following spells:

 Your Spells              Type           Power      Damage    Failure   Level
a - Magic Dart            Conj           100%       1d8       1%          1
b - Searing Ray           Conj           54%        2d6       1%          2

Your spell library contained the following spells:

 Spells                   Type           Power      Damage    Failure   Level
 Slow                     Hex            16%        N/A       12%         1
 Dazzling Flash           Conj/Hex       30%        N/A       12%         3
 Confusing Touch          Hex            4%         N/A       34%         3
 Vampiric Draining        Necr           4%         2d6       34%         3
 Fulminant Prism          Conj/Hex       7%         3d7       36%         4
 Iskenderun's Mystic Bla  Conj/Tloc      15%        2d5       36%         4
 Anguish                  Hex/Necr       2%         N/A       75%         4
 Cause Fear               Hex            2%         N/A       75%         4
 Enfeeble                 Hex            2%         N/A       100%        7


Dungeon Overview and Level Annotations

Branches:
Dungeon (5/15)             Temple (1/1) D:4

Altars:
Ashenzari
Cheibriados
Dithmenos
Elyvilon
Fedhas
Gozag
Hepliaklqana
Kikubaaqudgha
Makhleb
Nemelex Xobeh
Sif Muna
Trog
Uskayaw
Vehumet
Wu Jian
Xom
Yredelemnul
Zin

Shops:
D:1 (   D:4 :


Innate Abilities, Weirdness & Mutations

You cannot wear most types of armour.
You are amphibious.
You can wear up to eight rings at the same time.
Your skin changes colour to match your surroundings (Stealth+).
Your rubbery body absorbs attacks. (AC +1, EV +1)
((You are camouflaged when in or above water. (Stealth+)))
You have tentacles for arms and can constrict up to eight enemies at once.


Message History

You kill the iguana!
Vehumet accepts your kill.
Your Dodging skill increases to level 4!
You hear the slow hiss of a very distant avalanche of sand.
Magic restored.
HP restored.
Found an escape hatch in the floor.
Found a stone staircase leading down.
There is an open door, spattered with blood here.
You hear the slow hiss of a very distant avalanche of sand.
You open the door.
There is an open door here.
You open the door.
There is an open door here.
You open the door.
There is an open door here.
A sourceless malevolence fills the Dungeon...
You fall into a shaft and drop 1 floor!
The shaft crumbles and collapses.
You open the door.
There is an open door here.
You open the door.
Found a stone staircase leading down.
Found a stone staircase leading down.
A centaur comes into view.
The centaur moves out of view.
You see here a scroll of identify.
A centaur is nearby!
The magic dart hits the centaur but does no damage.
The centaur shouts!
The centaur wields a +0 shortbow.
The centaur shoots an arrow.
The arrow hits you.
The magic dart hits the centaur.
The centaur is lightly wounded.
The centaur shoots an arrow.
The arrow hits you!
The magic dart hits the centaur.
The centaur is moderately wounded.
The centaur shoots an arrow.
The arrow hits you!
* * * LOW HITPOINT WARNING * * *
The centaur shoots an arrow.
The arrow hits you!
You die...

###+#####'####
.............
...........c
...........
.......... .........
#.... #....# #....
#...@+ +>... #....#
##....##+#....##...
...................#
..................##
..................#
..................#
##+#....#+#######.#
#....# .#


You could see a centaur.

Vanquished Creatures
  Sigmund (D:4)
  Edmund (D:4)
  A phantom (D:4)
  A scorpion (D:4)
  An orc priest (D:4)
  A hound (D:4)
  Jessica (D:3)
  2 orc wizards (D:4)
  Natasha (thrice) (D:2)
  An iguana (D:5)
  5 adders
  An ufetubus (D:4)
  2 worms
  2 dart slugs (D:1)
  3 orcs
  4 endoplasms
  8 goblins
  4 hobgoblins
  12 jackals
  6 kobolds
  A quokka (D:1)
  5 ball pythons
  6 bats
  5 rats
77 creatures vanquished.

Notes
Turn   | Place    | Note
-------+----------+-------------------------------------------
     0 | D:1      | jagang the Octopode Conjurer began the quest for the Orb.
     0 | D:1      | Reached XP level 1. HP: 11/11 MP: 3/3
   209 | D:1      | Reached XP level 2. HP: 17/17 MP: 0/5
   535 | D:1      | Reached XP level 3. HP: 22/22 MP: 2/6
   605 | D:1      | Found Faumous's Antique Weapon Shop.
   968 | D:1      | Learned a level 2 spell: Searing Ray
  1265 | D:2      | Noticed Natasha
  1274 | D:2      | Killed Natasha
  1275 | D:2      | Reached skill level 1 in Fighting
  1275 | D:2      | Reached XP level 4. HP: 28/28 MP: 5/7
  1468 | D:2      | Noticed Natasha
  1481 | D:2      | Killed Natasha
  1482 | D:2      | Reached skill level 1 in Unarmed Combat
  1645 | D:2      | Noticed Natasha
  1652 | D:2      | Killed Natasha
  1653 | D:2      | Reached XP level 5. HP: 26/33 MP: 6/8
  2031 | D:3      | Identified the ring of Mahotsyrr {rCorr Slay+5}
  2622 | D:3      | Noticed Jessica
  2632 | D:3      | Killed Jessica
  3075 | D:3      | Found a shimmering altar of Xom.
  3224 | D:4      | Reached skill level 5 in Stealth
  3258 | D:4      | Reached XP level 6. HP: 37/39 MP: 5/10
  3456 | D:4      | Found Itulaob's Book Boutique.
  3558 | D:4      | Found a staircase to the Ecumenical Temple.
  3563 | Temple   | Entered the Ecumenical Temple
  3587 | Temple   | Became a worshipper of Vehumet
  3746 | D:4      | Reached XP level 7. HP: 40/45 MP: 7/11
  4028 | D:4      | Noticed Edmund
  4029 | D:4      | Noticed Sigmund
  4043 | D:4      | Killed Sigmund
  4044 | D:4      | Reached skill level 5 in Conjurations
  4050 | D:4      | HP: 1/45 [Edmund/+1 heavy flail (24)]
  4053 | D:4      | Killed Edmund
  4397 | D:5      | Entered Level 5 of the Dungeon
  4515 | D:5      | You fall into a shaft and drop 1 floor!
  4594 | D:6      | Shot with an arrow by a centaur

Illustrated notes

Levels and vault maps discovered:
D:1:      minmay_arrival_jagged, layout_basic, serial_shops, shop,
          chequers_serial_rivers_marsh
D:2:      layout_basic, uniq_natasha
D:3:      mumra_celtic_spiral_tile, layout_basic, marbit_many_paths,
          chequers_serial_rivers_room_b, uniq_jessica
D:4:      nicolae_cairo_tiling_large_dashed, layout_rooms,
          minmay_temple_entry_nine_rooms, serial_curves, eino_curves_02,
          eino_curves_03, eino_curves_02, serial_shops, shop,
          sigmund_edmund_badplayer
D:5:      layout_gridville, gup_ossuary_entry_pyramid, uniq_pikel
D:6:      layout_gridville, minmay_fire_ice_demons
Temple:   sentei_temple_godly_chess

Skill      XL: |  1  2  3  4  5  6  7 |
---------------+----------------------+-----
Stealth        | 3 4 5 |  5.0
Fighting       | 1 2 3 |  3.1
Unarmed Combat | 1 2 3 |  3.1
Dodging        | 3 4 |  4.0
Spellcasting   | 3 |  3.7
Conjurations   | 5 |  5.3

Action                     |  1- 3 |  4- 6 |  7- 9 || total
---------------------------+-------+-------+-------++-------
  Melee: Unarmed           |    57 |    57 |       ||   114
         Tentacles         |     9 |    12 |     6 ||    27
         Constrict         |    11 |    11 |     2 ||    24
         Punch             |     2 |     2 |     1 ||     5
         Staff             |       |       |    14 ||    14
   Cast: Magic Dart        |    49 |    67 |    17 ||   133
    Use: Scroll            |       |     1 |       ||     1
   Stab: Sleeping          |     1 |       |       ||     1
 Armour: Skin              |     9 |     6 |       ||    15
  Dodge: Dodged            |    47 |    34 |     9 ||    90
